 Dungeon Crawl Stone Soup version 0.31-a0-875-g02e7d12df6 (webtiles) character file.

Game seed: 15772736674634375363

133 hikkokomori the Shooter (level 5, 0/42 HPs)
             Began as a Formicid Hunter on Oct 12, 2023.
             Slain by a scorpion (5 damage)
             ... on level 4 of the Dungeon.
             The game lasted 00:02:52 (1989 turns).

hikkokomori the Shooter (Formicid Hunter)           Turns: 1989, Time: 00:02:53

Health: 0/42       AC:  3    Str: 15    XL:     5   Next: 39%
Magic:  5/5        EV: 12    Int:  9    God:
Gold:   94         SH:  0    Dex: 19    Spells: 4/4 levels left

rFire   . . .        a - +0 shortbow
rCold   . . .        (no shield)
rNeg    . . .        c - +0 leather armour
rPois   .            (helmet unavailable)
rElec   .            (no cloak)
rCorr   .            (no gloves)
SInv    +            (no boots)
Will    .....        (no amulet)
Stlth   +++          (no ring)
HPRegen 0.27/turn    (no ring)
MPRegen 0.09/turn

%: no passive effects
@: lethally poisoned (0 -> -2), studying Ranged Weapons
A: permanent stasis, dig shafts and tunnels, antennae 3, four strong arms
a: Dig, Shaft Self


You were on level 4 of the Dungeon.
You visited 1 branch of the dungeon, and saw 4 of its levels.

You collected 94 gold pieces.

Inventory:

Hand Weapons
 a - a +0 shortbow (weapon)
Armour
 c - a +0 leather armour (worn)
Jewellery
 e - a +4 ring of protection
Scrolls
 b - a scroll of butterflies
 d - 2 scrolls of enchant weapon {unknown}
 j - 3 scrolls of teleportation {unknown}
Potions
 f - a potion of berserk rage
 h - a potion of mutation


   Skills:
 + Level 3.7 Fighting
 * Level 5.0 Ranged Weapons
 - Level 1.7 Dodging
 + Level 3.6 Stealth


You had 4 spell levels left.
You didn't know any spells.
Your spell library contained the following spells:

 Spells                   Type           Power      Damage    Failure   Level
 Ensorcelled Hibernation  Hex/Ice        0%         N/A       58%         2
 Passwall                 Tmut/Erth      0%         N/A       58%         2
 Swiftness                Air            Unusable   N/A       N/A         3

Dungeon Overview and Level Annotations

Branches:
Dungeon (4/15)
 Temple: D:4-7

Altars:
Qazlal


Innate Abilities, Weirdness & Mutations

You cannot be hasted, slowed, berserked, paralysed or teleported.
You can dig through walls and to a lower floor.
You have a pair of large antennae on your head. (SInv)
Your four strong arms can wield two-handed weapons with a shield.


Message History

The scorpion poisons you!
You shoot an arrow.
The arrow hits the scorpion but does no damage.
The scorpion is heavily wounded.
You feel sick. The scorpion barely misses you.
You shoot an arrow.
The arrow hits the scorpion but does no damage.
The scorpion is heavily wounded.
You feel sick. The scorpion stings you. x2
You are more poisoned.
The scorpion poisons you!
You shoot an arrow.
The arrow hits the scorpion but does no damage.
The scorpion is moderately wounded.
You feel very sick. The scorpion stings you.
* * * LOW HITPOINT WARNING * * *
You shoot an arrow.
The arrow hits the scorpion but does no damage.
The scorpion is moderately wounded.
* * * LOW HITPOINT WARNING * * *
You feel sick. The scorpion stings you.
* * * LOW HITPOINT WARNING * * *
Unknown command.
You feel much better.
You feel sick. The scorpion stings you.
You feel sick. The scorpion stings you.
You shoot an arrow. The arrow closely misses the scorpion.
You feel sick. The scorpion barely misses you.
You shoot an arrow.
The arrow completely misses the scorpion.
You feel sick. The scorpion stings you.
* * * LOW HITPOINT WARNING * * *
Unknown command.
You shoot an arrow.
The arrow hits the scorpion but does no damage.
The scorpion is moderately wounded.
You feel sick. The scorpion stings you.
* * * LOW HITPOINT WARNING * * *
The scorpion stings you.
You die...

.# .# ###.#
##.#.#
####....#####
+.[..........
#@s..# ##..##
##.# #.# #+#
#.# . #.# #.#
.. #.# #.# #.
##.## #.#
##..##...#####
#.#


You could see a scorpion.

Vanquished Creatures
  An orc priest (D:2)
  2 adders (D:2)
  2 dart slugs
  8 orcs
  8 ball pythons
  7 endoplasms
  3 giant cockroaches (D:3)
  8 goblins
  3 hobgoblins
  8 kobolds
  4 quokkas
  4 bats
  3 frilled lizards (D:1)
  6 rats
67 creatures vanquished.

Notes
Turn   | Place    | Note
-------+----------+-------------------------------------------
     0 | D:1      | hikkokomori the Formicid Hunter began the quest for the
                  | Orb.
     0 | D:1      | Reached XP level 1. HP: 16/16 MP: 1/1
    57 | D:1      | Reached XP level 2. HP: 20/23 MP: 2/2
   242 | D:1      | Reached XP level 3. HP: 28/28 MP: 3/3
   724 | D:2      | Reached XP level 4. HP: 35/35 MP: 4/4
  1435 | D:2      | Reached XP level 5. HP: 26/41 MP: 5/5
  1439 | D:2      | Identified a scroll of acquirement
  1439 | D:2      | Acquired a manual of Ranged Weapons
  1584 | D:3      | Found a stormy altar of Qazlal.
  1626 | D:3      | Reached skill level 5 in Ranged Weapons
  1989 | D:4      | Slain by a scorpion

Illustrated notes

Levels and vault maps discovered:
D:1:      lightli_arrival_statue_moat, layout_basic, item_on_display_a
D:2:      layout_basic, minmay_misc_feat_roman
D:3:      minmay_evil_eye, layout_rooms, nicolae_qazlal_general_emergency
D:4:      layout_loops_corners, minmay_temple_entry_ruins, kennysheep_cross_room

Skill      XL: |  1  2  3  4  5 |
---------------+----------------+-----
Stealth        | 2 3 |  3.6
Fighting       | 3 |  3.7
Ranged Weapons | 5 |  5.0
Dodging        | |  1.7

Action                     |  1- 3 |  4- 6 || total
---------------------------+-------+-------++-------
   Fire: Shortbow          |    72 |   125 ||   197
    Use: Scroll            |     1 |     4 ||     5
         Potion            |       |     1 ||     1
 Armour: Leather armour    |    20 |    49 ||    69
  Dodge: Dodged            |    16 |    48 ||    64

Table legend: (Time is in decaauts)
 A = Elapsed time spent in this place.
 B = Non-inter-level travel time spent in this place.
 C = Inter-level travel time spent in this place.
 D = Time resting spent in this place.
 E = Time spent auto-exploring this place.
 F = Levels seen in this place.
 G = Mean time per level.
                   A        B        C        D        E       F      G
               +--------+--------+--------+--------+--------+-----+--------+
         Total |   2032 |   1982 |     50 |    213 |   1394 |   4 |  508.0 |
       Dungeon |   2032 |   1982 |     50 |    213 |   1394 |   4 |  508.0 |
               +--------+--------+--------+--------+--------+-----+--------+

Top non-repeatable levels by time:
     D:2: 960 daAuts
     D:3: 534 daAuts
     D:1: 487 daAuts
     D:4: 50 daAuts
